 Dungeon Crawl Stone Soup version 0.20-a0-540-ge6d1839 (webtiles) character file.

564 Minion the Spear-Bearer (level 7, 0/50 HPs)
             Began as a Merfolk Gladiator on Jan 30, 2017.
             Was an Initiate of Okawaru.
             Killed by nerve-wracking pain
             ... invoked by an orc priest
              (13 damage)
             ... on level 3 of the Dungeon.
             The game lasted 00:07:35 (3167 turns).

Minion the Spear-Bearer (Merfolk Gladiator)         Turns: 3167, Time: 00:07:36

Health: 0/50       AC:  7    Str: 14    XL:     7   Next: 32%
Magic:  7/7        EV: 13    Int:  8    God:    Okawaru [......]
Gold:   118        SH:  4    Dex: 17    Spells: 6/6 levels left

rFire    . . .     SeeInvis .   a - +0 trident
rCold    . . .     Gourm    .   s - +0 scale mail
rNeg     . . .     Faith    .   (no shield)
rPois    .         Spirit   .   c - +0 helmet
rElec    .         Reflect  +   (no cloak)
rCorr    +         Harm     .   (no gloves)
MR       .....                  (no boots)
Stlth    ..........             i - +4 amulet of reflection
Regen    0.2/turn               (no ring)
                                p - ring of resist corrosion

@: no status effects
A: change form in water, swift swim, stealthy swim
a: Renounce Religion


You were on level 3 of the Dungeon.
You worshipped Okawaru.
Okawaru was noncommittal.
You were hungry.

You visited 1 branch of the dungeon, and saw 3 of its levels.

You collected 118 gold pieces.

Inventory:

Hand Weapons
 a - a +0 trident (weapon)
Missiles
 d - 3 throwing nets (quivered)
Armour
 c - a +0 helmet (worn)
 s - a +0 scale mail (worn)
Jewellery
 i - a +4 amulet of reflection (around neck)
 p - a ring of resist corrosion (left hand)
Wands
 g - a wand of polymorph (20/24)
 l - a wand of polymorph (0/24)
 t - a wand of acid (8/15)
Scrolls
 e - 2 scrolls of teleportation {unknown}
 h - 3 scrolls of identify {unknown}
 m - a scroll of immolation {unknown}
 o - a scroll of amnesia {unknown}
Potions
 j - 3 potions of brilliance {unknown}
 k - a potion of cancellation {unknown}
 n - a potion of beneficial mutation {unknown}
 q - a potion of heal wounds
 u - a potion of agility {unknown}
Comestibles
 f - a bread ration
 r - a meat ration


   Skills:
 - Level 2.1 Fighting
 + Level 9.0 Polearms
 - Level 2.0 Throwing
 + Level 7.9 Dodging


You had 6 spell levels left.
You didn't know any spells.

Dungeon Overview and Level Annotations

Branches:
Dungeon (3/15)

Altars:
Okawaru


Message History

The orc wizard is moderately wounded.
The orc wizard gestures at you while chanting.
The magic dart hits you! The orc misses you.
The orc wizard completely misses you.
You hit the orc wizard.
The orc wizard is heavily wounded.
The orc closely misses you. The orc wizard barely misses you.
You puncture the orc wizard!
The orc wizard is almost dead.
You hear some strange, mumbled words.
The orc wizard mumbles some strange words.
The orc wizard blinks!
You block the orc priest's attack.
The orc hits you from afar with a trident!
* * * LOW HITPOINT WARNING * * *
The orc wizard closely misses you.
Things that are here:
a ring mail; 4 chunks of flesh The orc priest calls down the wrath of Beogh upon you.
Pain shoots through your body!
You die...

##.)...................##.#
##..................#####>#
...........(......#...# #..
...##...##o.o..<......###
... ##
###.##.(oo...#รท.....###...
###...o#######.#.)<.......
...$.#.[### #.#..#.###...
........o.### #<...#.###...
...(......@.###..#.#.#.....
.....#...#......##.#...#...
#######.............)..#...
#...........####.#...
#..........[##....<..
#....................
#....................
#....................
#............)#.....#


You could see an orc priest.

Vanquished Creatures
  Sigmund (D:2)
  An ogre (D:3)
  An orc priest (D:3)
  Terence (D:2)
  Jessica (D:2)
  Natasha (thrice) (D:2)
  Robin (D:2)
  5 adders
  A gnoll (D:1)
  An ooze (D:1)
  2 worms
  4 dart slugs
  4 leopard geckos (D:2)
  3 orcs
  6 bats
  2 giant cockroaches
  14 goblins
  18 hobgoblins
  2 quokkas (D:2)
  3 frilled lizards
  7 kobolds
  8 rats
89 creatures vanquished.

Notes
Turn   | Place    | Note
-------+----------+-------------------------------------------
     0 | D:1      | Minion the Merfolk Gladiator began the quest for the Orb.
     0 | D:1      | Reached XP level 1. HP: 16/16 MP: 1/1
    58 | D:1      | You fall through a shaft!
    69 | D:2      | Noticed Jessica
    77 | D:2      | Noticed Terence
    78 | D:2      | Killed Jessica
    78 | D:2      | Reached skill level 5 in Polearms
    78 | D:2      | Reached XP level 2. HP: 20/22 MP: 2/2
    78 | D:2      | Reached XP level 3. HP: 25/27 MP: 3/3
    94 | D:2      | Killed Terence
    94 | D:2      | Reached skill level 5 in Dodging
   205 | D:1      | Reached XP level 4. HP: 28/33 MP: 4/4
   332 | D:1      | Reached skill level 6 in Polearms
   874 | D:2      | Reached XP level 5. HP: 38/38 MP: 5/5
   875 | D:2      | Noticed Sigmund
   914 | D:2      | Killed Sigmund
   914 | D:2      | Reached skill level 7 in Polearms
   914 | D:2      | Reached XP level 6. HP: 4/44 MP: 6/6
  1226 | D:2      | Noticed Robin
  1281 | D:2      | Killed Robin
  1742 | D:2      | Reached skill level 8 in Polearms
  1807 | D:2      | Noticed Natasha
  1821 | D:2      | Killed Natasha
  2009 | D:2      | Found an iron altar of Okawaru.
  2040 | D:2      | Became a worshipper of Warmaster Okawaru
  2213 | D:2      | Noticed Natasha
  2226 | D:2      | Killed Natasha
  2327 | D:2      | Noticed Natasha
  2340 | D:2      | Killed Natasha
  2819 | D:3      | Reached XP level 7. HP: 30/50 MP: 7/7
  3039 | D:3      | Found a faded altar of an unknown god.
  3148 | D:3      | Reached skill level 9 in Polearms
  3167 | D:3      | Killed from afar by an orc priest

Vault maps used:
D:1:      elethiomel_arrival_quiet
D:2:      old_standard_altar, uniq_robin, uniq_natasha, uniq_sigmund,
          uniq_jessica, uniq_terence
D:3:      old_standard_altar, chequers_ecumenical_altar_island

Skill      XL: |  1  2  3  4  5  6  7 |
---------------+----------------------+-----
Polearms       | 5 6 7 8 9 |  9.0
Dodging        | 5 6 7 |  7.9
Fighting       | |  2.1
Throwing       | |  2.0

Action                   |  1- 3 |  4- 6 |  7- 9 || total
-------------------------+-------+-------+-------++-------
Melee: Trident           |    23 |   302 |    53 ||   378
       Unarmed           |     9 |    29 |       ||    38
 Stab: Sleeping          |     1 |     3 |       ||     4
       Confused          |     2 |       |       ||     2
  Eat: Chunk             |       |     6 |     1 ||     7
Armor: Leather armour    |     2 |    21 |     6 ||    29
       Scale mail        |       |       |     5 ||     5
Dodge: Dodged            |    18 |   166 |    31 ||   215
Block: Other             |       |    28 |     9 ||    37
       Reflection        |       |       |     2 ||     2
